 Dungeon Crawl Stone Soup version 0.28.0-53-g5a82cb258f (webtiles) character file.

Game seed: 17437569652855990047

6266 protoss039 the Fighter (level 10, 0/83 HPs)
             Began as a Demonspawn Earth Elementalist on June 1, 2022.
             Was a Follower of Vehumet.
             Slain by a two-headed ogre
             ... wielding a +0 giant club
              (12 damage)
             ... on level 10 of the Dungeon.
             The game lasted 00:18:49 (14137 turns).

protoss039 the Fighter (DsEE)                      Turns: 14137, Time: 00:18:49

Health: 0/83       AC: 10    Str:  9      XL:     10   Next: 62%
Magic:  1/19       EV: 11    Int: 19 (21) God:    Vehumet [*.....]
Gold:   432        SH:  4    Dex: 13      Spells: 5/21 levels left

rFire   . . .      SeeInvis .   k - +1 dagger (venom)
rCold   . . .      Faith    .   (no shield)
rNeg    . . .      Spirit   .   a - +0 leather armour
rPois   .          Reflect  .   A - +0 helmet
rElec   .          Harm     .   (no cloak)
rCorr   .          Rampage  .   (no gloves)
Will    +....                   (no boots)
Stlth   ++........              (no amulet)
HPRegen 0.23/turn               B - ring of willpower
MPRegen 0.16/turn               (no ring)

@: no status effects
A: icemail 1, sharp scales 2, condensation shield, demonic touch 1
a: Renounce Religion


You were on level 10 of the Dungeon.
You worshipped Vehumet.
Vehumet was aware of your devotion.
You visited 2 branches of the dungeon, and saw 11 of its levels.

You collected 432 gold pieces.

Inventory:

Hand Weapons
 k - a +1 dagger of venom (weapon)
Missiles
 c - 135 stones
Armour
 a - a +0 leather armour (worn)
 A - a +0 helmet (worn)
Jewellery
 B - a ring of willpower (left hand)
Wands
 f - a wand of flame (22)
 r - a wand of paralysis (7)
 v - a wand of polymorph (12)
 F - a wand of acid (9)
Scrolls
 d - 3 scrolls of fog {unknown}
 e - 2 scrolls of immolation {unknown}
 g - 2 scrolls of summoning {unknown}
 h - 2 scrolls of blinking
 j - 2 scrolls of magic mapping
 l - 4 scrolls of teleportation
 p - 2 scrolls of identify {unknown}
 s - a scroll of amnesia {unknown}
 y - a scroll of noise {unknown}
 C - a scroll of torment {unknown}
 D - a scroll of enchant weapon {unknown}
 G - a scroll of fear {unknown}
 H - a scroll of enchant armour {unknown}
Potions
 b - a potion of brilliance {unknown}
 m - a potion of berserk rage {unknown}
 n - 2 potions of attraction {unknown}
 o - 2 potions of curing {unknown}
 q - 2 potions of magic {unknown}
 t - a potion of ambrosia {unknown}
 u - a potion of haste
 w - 2 potions of mutation {unknown}
 x - 2 potions of flight
 z - 2 potions of might {unknown}
 E - a potion of invisibility {unknown}
 J - a potion of cancellation {unknown}
 K - a potion of lignification {unknown}


   Skills:
 * Level 9.3 Fighting
 - Level 3.0 Armour
 - Level 1.7 Dodging
 - Level 1.7 Stealth
 + Level 6.1 Spellcasting
 + Level 6.5 Conjurations
 - Level 6.0 Necromancy
 - Level 2.0 Transmutations
 + Level 6.5 Earth Magic


You had 5 spell levels left.
You knew the following spells:

 Your Spells              Type           Power      Damage    Failure   Level
a - Sandblast             Erth           60%        2d14      1%          1
b - Passwall              Tmut/Erth      18%        N/A       4%          2
c - Stone Arrow           Conj/Erth      60%        3d10      3%          3
e - Iskenderun's Battles  Conj           30%        2d8       28%         5
i - Borgnjor's Vile Clut  Necr/Erth      14%        N/A       32%         5

Your spell library contained the following spells:

 Spells                   Type           Power      Damage    Failure   Level
 Shock                    Conj/Air       72%        1d7       4%          1
 Animate Dead             Necr           14%        N/A       13%         4
 Petrify                  Tmut/Erth      22%        N/A       26%         4
 Frozen Ramparts          Ice            10%        1d3       41%         3
 Ice Form                 Ice/Tmut       9%         N/A       69%         4
 Fireball                 Conj/Fire      9%         3d6       73%         5
 Summon Ice Beast         Ice/Summ       5%         N/A       83%         4
 Death Channel            Necr           14%        N/A       89%         6
 Conjure Ball Lightning   Conj/Air       9%         3x3d6     99%         6
 Orb of Destruction       Conj           15%        9d7       100%        7


Dungeon Overview and Level Annotations

Branches:
Dungeon (10/15)            Temple (1/1) D:7
   Lair: D:8-11         Orc: D:9-12

Altars:
Ashenzari
Cheibriados
Dithmenos
Elyvilon
Fedhas
Gozag
Hepliaklqana
Kikubaaqudgha
Makhleb
Nemelex Xobeh
Okawaru
Qazlal
Ru
Sif Muna
Trog
Uskayaw
Vehumet
Wu Jian
Xom
Yredelemnul
Zin
The Shining One

Shops:
D:4 *   D:7 (   D:8 *

Annotations:
D:3 2 transporters, arakdai's ghost, amateur DsGl
D:10 Nergalle


Innate Abilities, Weirdness & Mutations

A meltable icy envelope protects you from harm. (AC +4)
You are mostly covered in razor-sharp scales. (AC +2, Slay +2)
A meltable shield of frost defends you. (SH +4)
Your touch may inflict minor irresistible damage on your foes.


Message History

The two-headed ogre hits you with a +0 giant club!!
The two-headed ogre completely misses you.
Casting: Stone Arrow (mildly dangerous; 3% risk of failure)
Confirm with . or Enter, or press ? or * to list all spells.
Aiming: Stone Arrow (mildly dangerous; 3% risk of failure)
Press: ? - help, Shift-Dir - straight line, f/p - two-headed ogre
Aim: a two-headed ogre, wielding a +0 giant club and a +0 dire flail (moderately wounded, 88% to hit)
The stone arrow hits the two-headed ogre!!
The two-headed ogre is severely wounded.
The two-headed ogre hits you with a +0 giant club!
The two-headed ogre hits you with a +0 dire flail!
Unknown command.
Casting: Stone Arrow (mildly dangerous; 3% risk of failure)
Confirm with . or Enter, or press ? or * to list all spells.
Aiming: Stone Arrow (mildly dangerous; 3% risk of failure)
Press: ? - help, Shift-Dir - straight line, f/p - two-headed ogre
Aim: a two-headed ogre, wielding a +0 giant club and a +0 dire flail (severely wounded, 88% to hit)
The stone arrow hits the two-headed ogre!
The two-headed ogre is almost dead.
The two-headed ogre hits you with a +0 giant club!!
* * * LOW HITPOINT WARNING * * *
The two-headed ogre barely misses you.
Unknown command.
Casting: Stone Arrow (mildly dangerous; 3% risk of failure)
Confirm with . or Enter, or press ? or * to list all spells.
Aiming: Stone Arrow (mildly dangerous; 3% risk of failure)
Press: ? - help, Shift-Dir - straight line, f/p - two-headed ogre
Aim: a two-headed ogre, wielding a +0 giant club and a +0 dire flail (almost dead, 88% to hit)
The stone arrow misses the two-headed ogre.
Unknown command.
Unknown command.
Unknown command.
Casting: Stone Arrow (mildly dangerous; 3% risk of failure)
Confirm with . or Enter, or press ? or * to list all spells.
Aiming: Stone Arrow (mildly dangerous; 3% risk of failure)
Press: ? - help, Shift-Dir - straight line, f/p - two-headed ogre
Aim: a two-headed ogre, wielding a +0 giant club and a +0 dire flail (almost dead, 88% to hit)
The stone arrow misses the two-headed ogre.
The two-headed ogre hits you with a +0 giant club!
You die...

###<#.#...##
###.#......#
....#.#...########
.####.#..........#
...##.#...######.#
......##.## #.#
.#.#####'## #.# ##.#
##...## #.#
...###.....### #@#
#####..........O.....#
####........>###.....#
...+.......<.+
.......#
#............#
##.....#
#..#.#.......# #.#..#
##.........#.# ##..#
##.#.#..<.##.. ..
#.....#+##


You could see a two-headed ogre.

Vanquished Creatures
  A cyclops (D:10)
  A gargoyle (D:10)
  2 vampires
  2 wyverns
  8 yaks
  2 steam dragons
  3 water moccasins
  Duvessa (D:7)
  2 orc warriors
  A hornet zombie (D:8)
  3 ice beasts
  2 sky beasts
  2 black bears
  3 ogres
  3 phantoms
  2 centaurs
  A kobold brigand (D:10)
  A wyvern zombie (D:6)
  2 bullfrogs
  A gnoll sergeant (D:6)
  A scorpion (D:3)
  A water moccasin skeleton (D:5)
  Dowan (D:7)
  7 killer bees
  2 gnoll shamans
  3 orc priests
  2 hounds
  2 iguanas
  4 orc wizards
  A howler monkey skeleton (D:5)
  A howler monkey zombie (D:7)
  15 adders
  18 gnolls
  A white imp (D:6)
  A worm (D:4)
  2 dart slugs
  27 orcs
  11 ball pythons
  7 endoplasms
  3 giant cockroaches (D:1)
  10 goblins
  8 hobgoblins
  8 jackals (D:1)
  14 kobolds
  7 bats
  4 rats
204 creatures vanquished.

Vanquished Creatures (others)
  A plant (D:7)
1 creature vanquished.

Grand Total: 205 creatures vanquished

Notes
Turn   | Place    | Note
-------+----------+-------------------------------------------
     0 | D:1      | protoss039 the Demonspawn Earth Elementalist began the
                  | quest for the Orb.
     0 | D:1      | Reached XP level 1. HP: 13/13 MP: 3/3
    90 | D:1      | Reached skill level 1 in Transmutations
   463 | D:1      | Gained mutation: A meltable shield of frost defends you.
                  | (SH +4) [demonic ancestry]
   463 | D:1      | Reached XP level 2. HP: 20/20 MP: 3/5
   492 | D:1      | HP: 1/20 [jackal (1)]
   505 | D:1      | Reached skill level 1 in Fighting
  1123 | D:1      | Gained mutation: Your touch may inflict minor irresistible
                  | damage on your foes. [demonic ancestry]
  1123 | D:1      | Reached XP level 3. HP: 26/26 MP: 6/6
  1844 | D:1      | Found a faded altar of an unknown god.
  2150 | D:2      | Learned a level 2 spell: Passwall
  2154 | D:2      | Learned a level 3 spell: Stone Arrow
  2277 | D:2      | Reached skill level 1 in Armour
  2308 | D:2      | Reached XP level 4. HP: 33/33 MP: 2/7
  2322 | D:2      | Reached skill level 2 in Fighting
  2501 | D:2      | Reached skill level 1 in Conjurations
  3002 | D:3      | Found a transporter.
  3002 | D:3      | Found a transporter.
  3003 | D:3      | Noticed arakdai's ghost (amateur DsGl)
  3003 | D:3      | Identified the +4 dire flail "Toren" {freeze, Drain rCorr
                  | Dex+4}
  3003 | D:3      | Noticed an ogre
  3005 | D:3      | Noticed an ogre
  3005 | D:3      | Noticed an ogre
  3116 | D:3      | Reached XP level 5. HP: 32/39 MP: 5/8
  3532 | D:3      | Found an iron altar of Okawaru.
  3974 | D:4      | Noticed an ogre
  4163 | D:4      | Found Acvulyc's Mayhem Merchandise.
  4178 | D:4      | Noticed an ogre
  4589 | D:3      | Killed an ogre
  4590 | D:3      | Reached skill level 3 in Fighting
  4590 | D:3      | Gained mutation: A meltable icy envelope protects you from
                  | harm. (AC +4) [demonic ancestry]
  4590 | D:3      | Reached XP level 6. HP: 47/47 MP: 6/10
  5668 | D:4      | Reached skill level 4 in Fighting
  5668 | D:4      | Reached XP level 7. HP: 54/54 MP: 1/11
  5850 | D:5      | Entered Level 5 of the Dungeon
  5886 | D:5      | Learned a level 5 spell: Borgnjor's Vile Clutch
  6409 | D:5      | Reached skill level 1 in Necromancy
  7045 | D:6      | Noticed a vampire
  7118 | D:6      | Gained mutation: You are partially covered in razor-sharp
                  | scales. (AC +1, Slay +1) [demonic ancestry]
  7118 | D:6      | Reached XP level 8. HP: 61/61 MP: 11/13
  7154 | D:6      | Reached skill level 5 in Fighting
  8127 | D:6      | Reached skill level 6 in Fighting
  8547 | D:6      | Reached XP level 9. HP: 71/71 MP: 8/15
  8923 | D:7      | Reached skill level 5 in Earth Magic
  9117 | D:7      | Found a staircase to the Ecumenical Temple.
  9141 | Temple   | Entered the Ecumenical Temple
  9289 | Temple   | Became a worshipper of Vehumet
  9410 | D:6      | Reached skill level 7 in Fighting
  9410 | D:6      | Reached skill level 5 in Conjurations
  9830 | D:7      | Reached skill level 5 in Spellcasting
 10049 | D:7      | Found Zorrik's Hydra Hut.
 10285 | D:7      | Noticed Duvessa
 10286 | D:7      | Noticed Dowan
 10331 | D:7      | Reached skill level 5 in Necromancy
 10418 | D:7      | Reached skill level 8 in Fighting
 10476 | D:7      | Noticed a five-headed hydra
 10776 | D:7      | Killed Duvessa
 10780 | D:7      | Killed Dowan
 11012 | D:8      | Found Xefemmi's Neck Hole.
 11019 | D:8      | Learned a level 5 spell: Iskenderun's Battlesphere
 11322 | D:8      | Gained mutation: You are mostly covered in razor-sharp
                  | scales. (AC +2, Slay +2) [demonic ancestry]
 11322 | D:8      | Reached XP level 10. HP: 46/80 MP: 12/18
 12787 | D:10     | Entered Level 10 of the Dungeon
 12987 | D:10     | Reached * piety under Vehumet
 12987 | D:10     | Offered knowledge of Shock by Vehumet.
 13131 | D:10     | Noticed Nergalle
 13138 | D:10     | Noticed a cyclops
 13155 | D:10     | Killed a cyclops
 13486 | D:10     | Noticed a two-headed ogre
 13507 | D:10     | Noticed a gargoyle
 13513 | D:10     | Killed a gargoyle
 13514 | D:10     | Reached skill level 9 in Fighting
 14137 | D:10     | Slain by a two-headed ogre

Illustrated notes

Levels and vault maps discovered:
D:1:      mrwooster_arrival_statue_3, layout_loops_ring,
          ebering_ecumenical_altar_rust, minivault_25,
          chequers_serial_rivers_micro_c, minmay_pentomino_q4
D:2:      layout_loops_cross, hangedman_abyss_or_decor_lesser_grid
D:3:      layout_loops_ring, mainiacjoe_overflow_24_doors, gammafunk_ghost_smash
D:4:      layout_basic, minivault_11, minmay_shop_mayhem,
          minmay_misc_feat_roman, minmay_snake_closets
D:5:      nicolae_cairo_tiling_large_dashed, layout_rooms
D:6:      layout_loops_corners
D:7:      layout_basic, minmay_temple_entry_stoned_glass,
          doesnt_shop_hydraphobe, uniq_duvessa
D:8:      layout_loops_corners, chequers_serial_rivers_micro_c,
          nicolae_shop_sticking_my_neck_out
D:9:      layout_basic, erik_orc_4
D:10:     layout_loops_corners, glass_columns_a, uniq_nergalle
Temple:   kilobyte_greek_temple

Skill      XL: |  1  2  3  4  5  6  7  8  9 10 |
---------------+-------------------------------+-----
Transmutations | 1 2 |  2.0
Fighting       | 1 2 3 4 6 8 9 |  9.3
Armour         | 1 2 3 |  3.0
Earth Magic    | 3 4 5 6 |  6.5
Conjurations   | 1 2 3 4 5 6 |  6.5
Spellcasting   | 3 4 5 6 |  6.1
Necromancy     | 1 3 5 6 |  6.0
Dodging        | |  1.7
Stealth        | |  1.7

Action                   |  1- 3 |  4- 6 |  7- 9 | 10-12 || total
-------------------------+-------+-------+-------+-------++-------
Melee: Short sword       |    84 |       |       |       ||    84
       Punch             |     2 |     4 |     2 |     1 ||     9
       Spear             |    38 |    44 |       |       ||    82
       Touch             |     7 |    27 |    23 |    21 ||    78
       Dagger            |       |   136 |   107 |    93 ||   336
 Cast: Sandblast         |    25 |    37 |    36 |     9 ||   107
       Stone Arrow       |       |     5 |    84 |    40 ||   129
  Use: Scroll            |       |     1 |     2 |     3 ||     6
       Potion            |       |       |       |     5 ||     5
 Stab: Sleeping          |     4 |     5 |     1 |       ||    10
Armor: Robe              |    19 |       |       |       ||    19
       Leather armour    |     1 |    61 |    44 |    50 ||   156
Dodge: Dodged            |    89 |    85 |    85 |    69 ||   328
Block: Other             |    23 |    27 |    13 |    23 ||    86
